 Dungeon Crawl Stone Soup version 0.23-a0-208-gb6b040f (webtiles) character file.

246 Xanyi the Chopper (level 5, -5/43 HPs)
             Began as a Demonspawn Berserker on Sept 25, 2018.
             Was a Priest of Trog.
             Slain by Sigmund
             ... wielding a +0 scythe
              (7 damage)
             ... on level 4 of the Dungeon.
             The game lasted 00:02:55 (3628 turns).

Xanyi the Chopper (Demonspawn Berserker)            Turns: 3628, Time: 00:02:55

Health: -5/43      AC:  8    Str: 17 (18) XL:     5   Next: 84%
Magic:  0/5        EV:  7    Int:  6 (8)  God:    Trog [***...]
Gold:   106        SH:  0    Dex: 12 (13) Spells: 4/4 levels left

rFire    . . .     SeeInvis .   a - +0 hand axe
rCold    . . .     Gourm    .   (no shield)
rNeg     . . .     Faith    .   m - +0 chain mail
rPois    .         Spirit   +   (helmet restricted)
rElec    .         Reflect  .   (no cloak)
rCorr    .         Harm     .   (no gloves)
MR       .....                  (no boots)
Stlth    ..........             (no amulet)
HPRegen  0.14/turn              (no ring)
MPRegen  0.09/turn              (no ring)

@: berserk cooldown, slowed, very slow
A: antennae 1, powered by death 1, magic shield
a: Berserk, Trog's Hand, Renounce Religion


You were on level 4 of the Dungeon.
You worshipped Trog.
Trog was most pleased with you.
You were very hungry.

You visited 1 branch of the dungeon, and saw 4 of its levels.

You collected 106 gold pieces.

Inventory:

Hand Weapons
 a - a +0 hand axe (weapon)
Armour
 b - a +0 animal skin
 m - a +0 chain mail (worn)
Scrolls
 f - 3 scrolls of fog {unknown}
 g - 4 scrolls of identify {unknown}
 i - a scroll of magic mapping {unknown}
 n - 2 scrolls of random uselessness {unknown}
 o - a scroll of teleportation {unknown}
 p - a scroll of remove curse {unknown}
 q - 2 scrolls of blinking {unknown}
 s - a scroll of noise {unknown}
Potions
 d - a potion of might {unknown}
 e - 2 potions of degeneration
 h - a potion of heal wounds {unknown}
 j - 2 potions of curing {unknown}
 k - 2 potions of flight {unknown}
 l - 2 potions of brilliance {unknown}
 t - a potion of invisibility {unknown}
Comestibles
 c - 4 rations
 r - 5 chunks of flesh


   Skills:
 + Level 4.3 Fighting
 + Level 4.9 Axes
 * Level 2.5 Armour
 - Level 1.7 Dodging


You had 4 spell levels left.
You didn't know any spells.
Your spell library was empty.

Dungeon Overview and Level Annotations

Branches:
Dungeon (4/15)             Temple (0/1) D:4

Altars:
Nemelex Xobeh
Trog
Zin

Annotations:
D:4 Sigmund


Innate Abilities, Weirdness & Mutations

You have a pair of small antennae on your head.
You regenerate a little health from kills.
When hurt, damage is shared between your health and your magic reserves.


Message History

Something hits you.
* * * LOW HITPOINT WARNING * * *
The howler monkey hits you but does no damage.
Unknown command.
The howler monkey hoots and howls with incredible vigour!
You hit the howler monkey but do no damage.
The howler monkey is severely wounded.
The howler monkey hoots and howls with incredible vigour!
You hear a zap.
A puff of flame appears from out of thin air!
The puff of flame hits you!
* * * LOW HITPOINT WARNING * * *
The howler monkey hits you but does no damage. x2
You hear a bark!
It was a potion of degeneration.
There was something very wrong with that liquid.
You feel weakened.
You feel dopey.
You feel clumsy.
You feel less confused. The howler monkey barely misses you.
Something hits you!
You die...

.......# /.....## #..#.. #
#..#.# #.##⌠.⌠.##
#...[_...#######.#
####⌠.⌠#{........#
#..##.h)#.#...#
#.###.@#.#.#..#
#.###.#.#.#.#.#
######.##...#.>.#..#
##...##.##..#.#.#.#.#
#####.###.#.##...#.#.#..##
...#.## ##...#....#.#....#
##..## ##...........(..#
....# #..#.###..##.#.#
##..## ##.##......#....#


You could see a howler monkey.

Vanquished Creatures
  An iguana (D:4)
  Jessica (D:2)
  A worker ant (D:3)
  Robin (D:2)
  5 adders
  An ooze (D:3)
  A worm (D:2)
  4 dart slugs
  2 leopard geckos
  4 orcs
  3 giant cockroaches (D:3)
  13 hobgoblins
  8 jackals
  A quokka (D:3)
  7 bats
  6 frilled lizards
  13 goblins
  9 kobolds
  12 rats
93 creatures vanquished.

Notes
Turn   | Place    | Note
-------+----------+-------------------------------------------
     0 | D:1      | Xanyi the Demonspawn Berserker began the quest for the Orb.
     0 | D:1      | Reached XP level 1. HP: 18/18 MP: 1/1
   195 | D:1      | Gained mutation: You regenerate a little health from kills.
                  | [demonic ancestry]
   195 | D:1      | Reached XP level 2. HP: 10/24 MP: 2/2
   757 | D:1      | Reached ** piety under Trog
   757 | D:1      | Gained mutation: When hurt, damage is shared between your
                  | health and your magic reserves. [demonic ancestry]
   757 | D:1      | Reached XP level 3. HP: 12/29 MP: 3/3
  1128 | D:2      | Noticed Jessica
  1137 | D:2      | Killed Jessica
  1211 | D:2      | Found a bloodstained altar of Trog.
  1226 | D:2      | Gained mutation: You have a pair of small antennae on your
                  | head. [demonic ancestry]
  1226 | D:2      | Reached XP level 4. HP: 37/37 MP: 4/4
  1878 | D:2      | Noticed Robin
  1906 | D:2      | Killed Robin
  2217 | D:3      | Reached *** piety under Trog
  2256 | D:3      | Found a glowing silver altar of Zin.
  2262 | D:3      | Reached XP level 5. HP: 42/42 MP: 5/5
  3568 | D:4      | Found a staircase to the Ecumenical Temple.
  3601 | D:4      | Found a sparkling altar of Nemelex Xobeh.
  3603 | D:4      | Noticed Sigmund
  3627 | D:4      | HP: 1/43 [something/wand of flame (8) (8)]
  3628 | D:4      | Slain by Sigmund

Vault maps used:
D:1:      saegor_arrival_simple_a
D:2:      trog_three_pillars_becter, uniq_robin, uniq_jessica
D:3:      zin_academy
D:4:      nemelex_xobeh_ov_fountains_minmay, xom_redecorated,
          minmay_temple_entry_grid, first_ration, uniq_sigmund

Skill      XL: |  1  2  3  4  5 |
---------------+----------------+-----
Axes           | 3 4 |  4.9
Fighting       | 4 |  4.3
Armour         | 2 |  2.5
Dodging        | |  1.7

Action                   |  1- 3 |  4- 6 || total
-------------------------+-------+-------++-------
Melee: Hand axe          |   130 |   264 ||   394
Invok: Berserk           |       |     1 ||     1
  Use: Potion            |       |     1 ||     1
 Stab: Sleeping          |     1 |       ||     1
  Eat: Chunk             |     1 |     8 ||     9
Armor: Animal skin       |    27 |    14 ||    41
       Chain mail        |       |   124 ||   124
Dodge: Dodged            |   101 |   141 ||   242

Table legend:
 A = Non-vault XP
 B = Vault XP
 C = Vault XP percentage of total XP
 D = Non-vault monster count
 E = Vault monster count
 F = Vault count percentage of total count
                 A         B        C        D         E       F
            +---------+---------+-------+---------+---------+-------
      Total |     277 |      75 |  21.3 |      79 |      14 |  15.1
            +---------+---------+-------+---------+---------+-------
        D:1 |      52 |       0 |   0.0 |      29 |       0 |   0.0
        D:2 |      44 |      75 |  63.0 |      18 |      14 |  43.8
        D:3 |     129 |       0 |   0.0 |      26 |       0 |   0.0
        D:4 |      52 |       0 |   0.0 |       6 |       0 |   0.0
            +---------+---------+-------+---------+---------+-------
